 Dungeon Crawl Stone Soup version 0.30.1-11-g7821555f0a (webtiles) character file.

Game seed: 18378296679256486375

32 NitroDragon903 the Magician (level 3, 0/27 HPs)
             Began as a Djinni Summoner on Nov 17, 2023.
             Was a Follower of the Shining One (penitent).
             Slain by a gnoll
             ... wielding a +0 club
              (4 damage)
             ... on level 2 of the Dungeon.
             The game lasted 00:14:11 (1149 turns).

NitroDragon903 the Magician (Djinni Summoner)       Turns: 1149, Time: 00:14:12

Health: 0/27       AC:  2    Str:  7    XL:     3   Next: 42%
Gold:   65         EV: 13    Int: 16    God:    the Shining One [*.....] SH:  0 Dex: 15

rFire   + + .        (no weapon)
rCold   x . .        (no shield)
rNeg    . . .        a - +0 robe
rPois   ∞            (no helmet)
rElec   .            (no cloak)
rCorr   .            (no gloves)
SInv    .            (boots unavailable)
Will    .....        (no amulet)
Stlth   ++           (no ring)
HPRegen 0.24/turn    (no ring)
MPRegen 0.00/turn

%: infuse magic (-1 HP)
@: flying, studying Fighting
A: sickness immunity, fire resistance 2, cold vulnerability 1, float, innate
caster, HP casting, extra vitality 1
a: Renounce Religion


You were on level 2 of the Dungeon.
You worshipped the Shining One.
The Shining One was demanding penance.
You visited 1 branch of the dungeon, and saw 2 of its levels.

You collected 93 gold pieces.
You spent 28 gold pieces at shops.

Inventory:

Armour
 a - a +0 robe (worn)
Scrolls
 d - a scroll of teleportation
 i - a scroll of butterflies {unknown}
Potions
 e - a potion of heal wounds
 f - a potion of attraction


   Skills:
 + Level 1.1 Fighting
 + Level 2.7 Dodging
 + Level 2.1 Stealth
 + Level 3.4 Spellcasting


You knew the following spells:

 Your Spells              Type           Power      Damage    Failure   Level
a - Summon Small Mammal   Summ           52%        N/A       4%          1
b - Call Imp              Summ           26%        N/A       7%          2
c - Call Canine Familiar  Summ           13%        N/A       13%         3
d - Summon Guardian Gole  Hex/Summ       13%        N/A       13%         3
e - Summon Lightning Spi  Summ/Air       13%        N/A       41%         4
f - Magic Dart            Conj           52%        1d5       4%          1
Your spell library was empty.

Dungeon Overview and Level Annotations

Branches:
Dungeon (2/15)

Altars:
The Shining One

Shops:
D:1 :(*(*

Annotations:
D:2 Terence


Innate Abilities, Weirdness & Mutations

You are immune to sickness and miasma.
You are immune to poison.
Your flesh is very heat resistant. (rF++)
You are vulnerable to cold. (rC-)
You float through the air rather than walking.
You learn spells naturally, not from books.
Your magical power is your life essence.
You have superior vitality. (+4 MHP)


Message History

The gnoll hits you with a +0 club.
You closely miss the gnoll.
Your cerulean imp hits Terence but does no damage.
The gnoll completely misses your cerulean imp.
The gnoll barely misses you.
Terence barely misses your cerulean imp.
You hit the gnoll.
The gnoll is lightly wounded.
Your cerulean imp barely misses Terence.
The gnoll closely misses your cerulean imp.
The gnoll completely misses you.
Terence hits your cerulean imp with a +0 trident!
You barely miss the gnoll.
The gnoll is lightly wounded.
Your cerulean imp hits Terence with a -3 spear.
The gnoll hits your cerulean imp with a +0 halberd.
Your cerulean imp dies!
Your cerulean imp disappears in a puff of smoke!
The gnoll hits you with a +0 club!
Your magical contamination has completely faded away.
You closely miss the gnoll.
The gnoll is lightly wounded.
The gnoll hits you with a +0 club!
You barely miss the gnoll.
The gnoll is lightly wounded.
The gnoll misses you.
You hit the gnoll but do no damage.
The gnoll is lightly wounded.
The gnoll hits you with a +0 club.
* * * LOW HITPOINT WARNING * * *
You closely miss the gnoll.
The gnoll is lightly wounded.
The gnoll barely misses you.
You closely miss the gnoll.
The gnoll is lightly wounded.
The gnoll hits you but does no damage.
You hit the gnoll but do no damage.
The gnoll is lightly wounded.
The gnoll hits you with a +0 club.
You die...

.# #.# .. .
... #.
#.#)...
.#.#. .g.
#@# ######
#g# #....#
#g# #.##.#
#@#####.##.#
#.......##<#
############


You could see Terence and 3 gnolls.

Vanquished Creatures
  A dart slug (D:2)
  A giant cockroach (D:1)
  2 hobgoblins (D:1)
  A quokka (D:1)
5 creatures vanquished.

Vanquished Creatures (collateral kills)
  3 bats (D:1)
  4 endoplasms (D:1)
  A giant cockroach (D:1)
  2 goblins (D:1)
  2 hobgoblins (D:1)
  A quokka (D:1)
  2 ball pythons (D:1)
  3 frilled lizards (D:1)
  5 rats (D:1)
23 creatures vanquished.

Grand Total: 28 creatures vanquished

Notes
Turn   | Place    | Note
-------+----------+-------------------------------------------
     0 | D:1      | NitroDragon903 the Djinni Summoner began the quest for the
                  | Orb.
     0 | D:1      | NitroDragon903 set off with the following spells memorised:
                  | Summon Small Mammal, Call Imp, Call Canine Familiar, Summon
                  | Guardian Golem, Summon Lightning Spire.
     0 | D:1      | Reached XP level 1. HP: 15/15 MP: 0/0
    18 | D:1      | Found Titroif's Antique Weapon Shop.
    54 | D:1      | Found Hiutz's Book Shop.
    93 | D:1      | Found a faded altar of an unknown god.
   100 | D:1      | Prayed at the altar of an unknown god.
   100 | D:1      | Became a worshipper of the Shining One
   100 | D:1      | Reached * piety under the Shining One
   127 | D:1      | Reached XP level 2. HP: 16/22 MP: 0/0
   564 | D:1      | Found Zetympuq's General Store.
   568 | D:1      | Found Bityi's General Store.
   572 | D:1      | Bought a scroll of identify for 28 gold pieces
   632 | D:1      | Reached skill level 1 in Fighting
   632 | D:1      | Reached XP level 3. HP: 26/27 MP: 0/0
   632 | D:1      | Learned a level 1 spell: Magic Dart
   691 | D:1      | Found a transporter.
   691 | D:1      | Found Liad's Weapon Shoppe.
   947 | D:1      | Found a transporter.
  1058 | D:1      | Identified a scroll of acquirement
  1058 | D:1      | Acquired a manual of Fighting
  1135 | D:2      | Noticed Terence
  1136 | D:2      | Was placed under penance by the Shining One
  1149 | D:2      | Slain by a gnoll

Illustrated notes

Levels and vault maps discovered:
D:1:      eino_arrival_water_star, layout_basic, serial_shops,
          nicolae_shop_tiny_waterfront, nicolae_shop_rolling_square,
          nicolae_shop_tiny_glass, nicolae_shop_drivethru, shop,
          basic_ecumenical_altar, reono_crystal_passage
D:2:      layout_basic, uniq_terence

Skill      XL: |  1  2 |
---------------+-------+-----
Stealth        | 2 |  2.1
Fighting       | 1 |  1.1
Dodging        | |  2.7
Spellcasting   | |  3.4

Action                     || total
---------------------------++-------
  Melee: Unarmed           ||    68
   Cast: Summon Small Mamm ||    40
         Magic Dart        ||     3
         Call Imp          ||     1
    Use: Scroll            ||     5
         Potion            ||     1
 Armour: Robe              ||    17
  Dodge: Dodged            ||    63
